 Dungeon Crawl Stone Soup version 0.29.1-12-g30fa7ad0bf (webtiles) character file.

Game seed: 4146852963698526538

316 venomsnake the Conjurer (level 6, -3/32 HPs)
             Began as a Deep Elf Conjurer on Dec 26, 2022.
             Killed from afar by a kobold brigand (11 damage)
             ... with a puff of flame
             ... on level 4 of the Dungeon.
             The game lasted 00:18:57 (6121 turns).

venomsnake the Conjurer (Deep Elf Conjurer)         Turns: 6121, Time: 00:18:58

Health: -3/32      AC:  4    Str:  4    XL:     6   Next: 20%
Magic:  5/16       EV: 12    Int: 25    God:
Gold:   48         SH:  0    Dex: 13    Spells: 13/16 levels left

rFire   . . .      SeeInvis .   d - +0 whip
rCold   + + .      Faith    .   (no shield)
rNeg    . . .      Spirit   .   z - +2 robe of Salvation {rC++}
rPois   .          Reflect  .   (no helmet)
rElec   .          Harm     .   (no cloak)
rCorr   .          Rampage  .   (no gloves)
Will    .....                   (no boots)
Stlth   ++........              (no amulet)
HPRegen 0.10/turn               (no ring)
MPRegen 0.15/turn               (no ring)

@: no status effects
A: no striking features
a: no special abilities


You were on level 4 of the Dungeon.
You visited 1 branch of the dungeon, and saw 4 of its levels.

You collected 186 gold pieces.
You spent 138 gold pieces at shops.

Inventory:

Hand Weapons
 d - a +0 whip (weapon)
Missiles
 i - 43 stones
Armour
 a - a +0 robe
 z - the +2 robe of Salvation (worn) {rC++}
   (You bought it in a shop on level 4 of the Dungeon)

   rC:        It greatly protects you from cold.
Wands
 y - a wand of charming (10)
Scrolls
 f - 2 scrolls of acquirement {unknown}
 h - a scroll of enchant weapon {unknown}
 m - a scroll of blinking {unknown}
 o - a scroll of magic mapping
 q - 3 scrolls of teleportation
 r - a scroll of noise {unknown}
 t - a scroll of vulnerability {unknown}
 u - a scroll of silence {unknown}
 w - a scroll of amnesia {unknown}
 x - a scroll of immolation {unknown}
Potions
 b - a potion of magic
 c - 5 potions of attraction
 e - 2 potions of heal wounds {unknown}
 g - 3 potions of haste
 j - 2 potions of flight {unknown}
 k - 3 potions of curing {unknown}
 l - a potion of invisibility {unknown}
 n - a potion of mutation {unknown}
 s - 2 potions of degeneration {unknown}
 v - a potion of brilliance {unknown}


   Skills:
 - Level 2.4 Dodging
 - Level 2.4 Stealth
 + Level 5.5 Spellcasting
 + Level 5.9 Conjurations
 + Level 3.7 Translocations


You had 13 spell levels left.
You knew the following spells:

 Your Spells              Type           Power      Damage    Failure   Level
a - Magic Dart            Conj           100%       1d8       1%          1
b - Searing Ray           Conj           72%        2d7       1%          2

Your spell library contained the following spells:

 Spells                   Type           Power      Damage    Failure   Level
 Shock                    Conj/Air       84%        1d8       2%          1
 Dazzling Flash           Conj/Hex       42%        N/A       7%          3
 Summon Small Mammal      Summ           24%        N/A       8%          1
 Iskenderun's Mystic Bla  Conj/Tloc      31%        2d8       11%         4
 Fulminant Prism          Conj/Hex       10%        3d9       22%         4
 Call Canine Familiar     Summ           6%         N/A       24%         3
 Summon Guardian Golem    Hex/Summ       6%         N/A       24%         3
 Swiftness                Air            6%         N/A       24%         3
 Airstrike                Air            3%         2d(1-17)  61%         4


Dungeon Overview and Level Annotations

Branches:
Dungeon (4/15)
 Temple: D:4-7

Altars:
Zin

Shops:
D:2 !   D:4 **


Message History

The poisoned dart closely misses you.
Casting: Magic Dart (safe; 1% risk of failure)
Confirm with . or Enter, or press ? or * to list all spells.
Aiming: Searing Ray (safe; 1% risk of failure)
Press: ? - help, Shift-Dir - straight line, f/p - kobold brigand
Aim: a kobold brigand, wielding a +1 dagger of draining, quivering poisoned darts and carrying a wand of flame (13) (moderately wounded, 76% to hit)
The searing ray hits the kobold brigand.
The kobold brigand is heavily wounded. (Press . to maintain the ray.)
You feel sick.
The kobold brigand throws a poisoned dart.
The poisoned dart closely misses you.
Casting: Searing Ray (safe; 1% risk of failure)
Confirm with . or Enter, or press ? or * to list all spells.
Restarting spell: Searing Ray (safe; 1% risk of failure)
Press: ? - help, Shift-Dir - straight line, f/p - kobold brigand
Aim: a kobold brigand, wielding a +1 dagger of draining, quivering poisoned darts and carrying a wand of flame (13) (heavily wounded, 76% to hit)
The searing ray misses the kobold brigand. (Press . to maintain the ray.)
You feel sick.
The kobold brigand zaps a wand.
The puff of flame hits you!
* * * LOW HITPOINT WARNING * * *
Casting: Searing Ray (safe; 1% risk of failure)
Confirm with . or Enter, or press ? or * to list all spells.
Restarting spell: Searing Ray (safe; 1% risk of failure)
Press: ? - help, Shift-Dir - straight line, f/p - kobold brigand
Aim: a kobold brigand, wielding a +1 dagger of draining, quivering poisoned darts and carrying a wand of flame (12) (heavily wounded, 76% to hit)
The searing ray misses the kobold brigand. (Press . to maintain the ray.)
You feel sick.
You are no longer poisoned.
Casting: Searing Ray (safe; 1% risk of failure)
Confirm with . or Enter, or press ? or * to list all spells.
Restarting spell: Searing Ray (safe; 1% risk of failure)
Press: ? - help, Shift-Dir - straight line, f/p - kobold brigand
Aim: a kobold brigand, wielding a +1 dagger of draining, quivering poisoned darts and carrying a wand of flame (12) (heavily wounded, 76% to hit)
The searing ray hits the kobold brigand.
The kobold brigand is severely wounded. (Press . to maintain the ray.)
The kobold brigand zaps a wand.
The puff of flame hits you!
You die...

.# .# .# ##### .# #...# .#
#...########## .#
#............# .#
#............# .#
######.)..........#
)######.........@.......#
<.).....~~~#....K....>..#
####~~~~~~~~)####.....### #
###~~~≈~~~~# #.....#
###≈≈≈######.....#
#####..........###########
#####
..K.......................
~~~~#
#.....#####......##########
~~############ #......# #


You could see a kobold brigand.

Vanquished Creatures
  A kobold brigand (D:4)
  A hound (D:4)
  An orc priest (D:3)
  10 gnolls
  2 adders
  2 dart slugs (D:3)
  A worm (D:3)
  5 orcs
  2 bats
  2 endoplasms
  3 giant cockroaches
  3 goblins
  7 hobgoblins
  12 kobolds
  3 quokkas
  5 ball pythons
  2 frilled lizards (D:3)
  6 rats
68 creatures vanquished.

Notes
Turn   | Place    | Note
-------+----------+-------------------------------------------
     0 | D:1      | venomsnake the Deep Elf Conjurer began the quest for the
                  | Orb.
     0 | D:1      | Reached XP level 1. HP: 10/10 MP: 6/6
   430 | D:1      | Reached skill level 1 in Translocations
   525 | D:1      | Reached XP level 2. HP: 15/15 MP: 6/8
   528 | D:1      | Learned a level 2 spell: Searing Ray
  1447 | D:2      | Reached XP level 3. HP: 19/19 MP: 6/10
  1910 | D:2      | Found Sotoemy's Distillery.
  2194 | D:2      | Reached skill level 5 in Conjurations
  2341 | D:3      | Reached XP level 4. HP: 24/24 MP: 10/12
  2948 | D:3      | Reached XP level 5. HP: 28/28 MP: 1/14
  3139 | D:3      | Found a glowing silver altar of Zin.
  3231 | D:3      | Identified the +16 plate armour "Cept" {Contam rF+++ Str+3
                  | Dex+4}
  4013 | D:3      | Reached skill level 5 in Spellcasting
  5537 | D:4      | Found Paseicekk's Assorted Antiques.
  5543 | D:4      | Bought a crude robe for 119 gold pieces
  5543 | D:4      | Identified the +2 robe of Salvation {rC++} (You bought it
                  | in a shop on level 4 of the Dungeon)
  5730 | D:4      | Found Nougeiv's CLEARANCE SALE!.
  5759 | D:4      | Bought a scroll of magic mapping for 15 gold pieces
  5759 | D:4      | Bought a scroll of identify for 4 gold pieces
  5952 | D:4      | Reached XP level 6. HP: 19/32 MP: 4/16
  6121 | D:4      | Killed from afar by a kobold brigand

Illustrated notes

Levels and vault maps discovered:
D:1:      matt_arrival_grand_opening, layout_loops_corners,
          chequers_serial_rivers_micro_e, serial_bayou_pond_a
D:2:      layout_loops_ring, serial_shops, shop
D:3:      layout_basic, mainiacjoe_overflow_24_doors,
          amcnicky_mini_corridor_feature
D:4:      cheibrodos_thug_alley, layout_basic, serial_shops,
          nicolae_shop_crystal, nicolae_shop_clearance

Skill      XL: |  1  2  3  4  5 |
---------------+----------------+-----
Translocations | 1 2 3 |  3.7
Spellcasting   | 4 5 |  5.5
Conjurations   | 5 |  5.9
Dodging        | |  2.4
Stealth        | |  2.4

Action                   |  1- 3 |  4- 6 || total
-------------------------+-------+-------++-------
 Cast: Magic Dart        |    33 |    94 ||   127
       Searing Ray       |     9 |    27 ||    36
  Use: Scroll            |       |     3 ||     3
Armor: Robe              |     1 |     1 ||     2
Dodge: Dodged            |     2 |    17 ||    19
